AoeStats
← AhHeck

Glade

503172396Analyzed
1v1 RM · 1mo ago on Aug 30, 2026· 43m 15s· 2 players
Game mode
Random Map
Map size
Tiny (2 player)
Population
200
Speed
Normal
Resources
Standard
Victory
Conquest
Starting age
Dark Age
Ending age
Imperial Age
RankedLock teamsTeams togetherTeam positionsShared explorationLock speedFull tech treeHidden civsTurbo modeCheats
Victory
Defeat
🇺🇸 Franks · United States
820
+15
🇬🇧 Bulgarians · United Kingdom
804
-35
AhHeck
12:57 Feudal Age
14:46 Wheelbarrow
14:42 Horse Collar
15:27 Double-Bit Axe
15:43 Gold Mining
15:43 Stone Mining
23:52 Town Watch
29:38 Castle Age
30:43 Hand Cart
30:37 Town Patrol
30:05 Pikeman
30:32 Gambesons
30:49 Squires
30:14 Elite Skirmisher
30:59 Thumb Ring
30:19 Light Cavalry
31:09 Bloodlines
31:02 Husbandry
31:32 Bloodlines
32:02 Bow Saw
32:01 Heavy Plow
39:48 Stirrups
The Nasty Dan
9:03 Loom
11:55 Feudal Age
15:40 Fletching
21:33 Castle Age
19:40 Double-Bit Axe
24:02 Bow Saw
26:02 Arson
26:22 Squires
26:25 Arson
28:24 Forging
28:15 Scale Mail Armor
30:14 #83
30:13 Husbandry
31:59 Iron Casting
31:30 Scale Barding Armor
31:21 Bodkin Arrow
36:15 Imperial Age
35:48 Chain Barding Armor
39:08 Blast Furnace
38:25 Chain Mail Armor
38:46 Plate Barding Armor
38:12 Cavalier
39:20 Conscription
39:32 Elite Throwing Axeman
41:19 Plate Mail Armor
41:24 Paladin
Connection lost

Rejoining the realm…

Still unreachable

The connection could not be restored.

Session expired

The server has moved on; the page needs a fresh start.